[Event "European Women-ch 2023"]
[Site "Petrovac"]
[Date "2023.03.25"]
[Round "7.12"]
[White "Beydullayeva, Govhar"]
[Black "Urh, Zala"]
[Result "1-0"]
[Annotator "TA"]
[ECO "D44"]
[WhiteElo "2388"]
[BlackElo "2294"]
[PlyCount "81"]
[EventDate "2023.03.15"]
[EventType "swiss"]
[EventCountry "MNE"]
[SourceTitle "playchess.com"]
[Source "ChessBase"]
[SourceQuality "1"]
[TimeControl "40/5400+30:1800+30"]

1. d4 d5 2. c4 c6 3. Nc3 Nf6 4. Nf3 e6 5. Bg5 dxc4 6. e4 b5 7. e5 h6 8. Bh4 g5 9. Nxg5 hxg5 10. Bxg5 Nbd7 11. g3 Bb7 12. Bg2 Qb6 13. exf6 O-O-O 14. O-O c5 15. d5 b4 16. Na4 Qa6 17. a3 Bxd5 18. Bxd5 Ne5 $1 {[%emt 0:00:32] [#] D44: Semi-Slav: Botvinnik System.} 19. axb4 $1 Rxd5 20. Qe2 {[%emt 0:00:49] Nc3 would be deadly. Dancing on a razor blade.} ({Worse is} 20. Nxc5 Qc6 21. Ra6 Qa8 $17) 20... cxb4 {[%emt 0:00:31] [#] White has an edge.} 21. Nc3 $1 {[%emt 0:17:09][%mdl 64] Discovered Attack} Qd6 {[%emt 0:00:50] 21...Ra5 is vanishing.} 22. Nxd5 Qxd5 23. f3 $1 (23. Rxa7 $2 Nf3+ $19) 23... Nd3 24. Be3 Bc5 25. Bxc5 Qxc5+ 26. Kh1 {[%emt 0:02:06][%cal Ob2b3] Hoping for b3!} Rd8 27. Ra4 Rd5 28. Rfa1 Re5 29. Qd2 Rd5 $1 {[%emt 0:01:42] ( -> ...Nf2+)} 30. Qe2 (30. Rxa7 $2 Nf2+ $19) 30... Re5 31. Qc2 {[%emt 0:05:27] [#]} Qc6 $146 (31... Qd5 $11 {and Black is okay.}) ({Predecessor:} 31... Ne1 32. Qh7 Nxf3 33. Qg8+ Kb7 34. Rxa7+ Kc6 35. Qa8+ Kd6 36. Qd8+ Kc6 37. Qd7+ {1-0 Ibrayev,N (2388)-Aditya,M (2438) Titled Tuesday intern op 08th June blitz 2021 (10)}) 32. Rxa7 $18 {[%emt 0:01:23] Black must now prevent Ra8+.} Qxf3+ (32... b3 33. Qd2 Qxf3+ 34. Qg2 Re1+ 35. Rxe1 Qxg2+ 36. Kxg2 Nxe1+ 37. Kf1 c3) 33. Qg2 Qxg2+ 34. Kxg2 {[%emt 0:00:00][%mdl 4096] Endgame KRR-KRN} Re2+ 35. Kh3 Ne5 36. R1a5 b3 37. Rc5+ Kd8 38. Raa5 (38. Re7 $142 {Strongly threatening Ra5.} Rf2 39. Rxe5 Rxf6 40. Ra7) 38... Rxb2 $2 (38... Nf3 39. Ra7 Rxb2) 39. Rxe5 c3 40. Ra7 {[%emt 0:00:00] White threatens Rg5 and mate.} c2 41. Rh5 {[%emt 0:02:18] Weighted Error Value: White=0.22 (precise) /Black=0.80} 1-0

[Event "European Women-ch 2023"]
[Site "Petrovac"]
[Date "2023.03.25"]
[Round "7.12"]
[White "Toncheva, Nadya"]
[Black "Garcia Martin, Marta"]
[Result "1/2-1/2"]
[Annotator "TA"]
[ECO "C72"]
[WhiteElo "2192"]
[BlackElo "2306"]
[PlyCount "129"]
[EventDate "2023.03.15"]
[EventType "swiss"]
[EventCountry "MNE"]
[SourceTitle "playchess.com"]
[Source "ChessBase"]
[SourceQuality "1"]
[TimeControl "40/5400+30:1800+30"]

1. e4 e5 2. Nf3 Nc6 3. Bb5 a6 4. Ba4 d6 5. O-O Bd7 6. c4 Nf6 7. Nc3 Bg4 {[%emt 0:00:44] C72: Ruy Lopez: Deferred Steinitz: 5 0-0.} 8. h3 Bxf3 9. Qxf3 Nd7 10. d3 Nd4 {[%emt 0:00:16] [#]} 11. Qg4 $146 ({Predecessor:} 11. Qg3 c6 12. Be3 h5 13. f4 b5 14. Bb3 b4 15. Bxd4 exd4 16. Ne2 Qb6 17. Qf2 {1-0 Grigoriants,S (2546)-Barp,A (2388) Titled Tuesday intern op 15th Feb Late blitz 2022 (3)}) 11... c6 12. f4 g6 13. fxe5 Nxe5 ({Better is} 13... dxe5 $15 14. Rb1 Nc5) 14. Qg3 {[%emt 0:00:46] [#] Black must now prevent Be3.} Bg7 15. Be3 Ne6 16. Bc2 b5 17. cxb5 axb5 18. a3 (18. Rad1 $11) 18... O-O $15 19. Rad1 Rb8 (19... Qb8 $5 ) 20. Ne2 b4 21. d4 Nc4 22. Bc1 bxa3 23. bxa3 Qb6 {[%emt 0:00:17][%cal Rg7d4] Inhibits Bb3.} 24. Kh1 d5 ({Much less strong is} 24... Bxd4 25. Nxd4 Nxd4 26. Qc3 Nxc2 27. Bh6 $16) 25. exd5 cxd5 (25... Nxd4 $2 26. Nxd4 Bxd4 27. dxc6 $18) 26. Nf4 Nxd4 (26... Bxd4 $2 27. Nxd5 Qd6 28. Qxd6 Nxd6 29. Ne7+ Kh8 30. Nc6 $18) 27. Nxd5 Qc5 (27... Qe6 $5 28. Nf4 Qc6 $15) 28. Be4 {[%emt 0:03:39] Threatens to win with Qh4. This pair of bishops is nice.} f5 (28... Rbe8 $15 29. Qd3 f5) 29. Bf3 (29. Ne7+ $5 Qxe7 30. Bd5+ Kh8 31. Bxc4 $11) 29... Rb3 {[%emt 0:00:51][%cal Ob3f3] Hoping for ...Rxf3!} ({Don't take} 29... Nxa3 30. Qh4 Rbe8 31. Bxa3 Qxa3 32. Rxd4 Bxd4 33. Qxd4 $16) 30. Qc7 Qxc7 31. Nxc7 {[%emt 0:00:04] And now Bd5+ would win.} Nxf3 (31... Nxa3 $2 32. Bd5+ Kh8 33. Bxb3 $18) 32. Rxf3 Rxf3 33. gxf3 Rc8 34. Nd5 {[%emt 0:01:17] Ne7+ would be deadly.} Kf7 {[%emt 0:00:19] Prevents Ne7.} 35. a4 Ra8 36. Nc7 $1 Rc8 37. Rd7+ Kg8 {[%emt 0:00:07] aiming for ...Nb6.} 38. Ne6 Bf6 39. Rc7 Re8 40. Rxc4 Rxe6 $11 {[%emt 0:00:00][%mdl 4096] Endgame KRB-KRB} 41. a5 Re1+ 42. Kg2 Re2+ 43. Kg3 Ra2 {[%emt 0:00:12] Wards off Ra4} 44. Rc6 Kf7 45. a6 Bd4 {[%emt 0:06:14] Inhibits Be3.} 46. Bg5 Bg1 {[%emt 0:06:10] Strongly threatening ...Bh2+.} 47. f4 Ra3+ 48. Kg2 Be3 49. h4 Bd4 50. Bd8 Ke8 51. Bc7 Kd7 {[%emt 0:00:32][%mdl 64] [#] Deflection} 52. Rd6+ (52. Rc4 $11) 52... Kxc7 $17 53. Rxd4 Rxa6 {[%emt 0:00:12] KR-KR} (53... h5 $17) 54. h5 $1 $11 {[%emt 0:00:27] The position is equal.} Rd6 55. Ra4 Kc6 56. Kg3 Rd1 57. Ra7 Rg1+ 58. Kf3 Rf1+ 59. Kg3 Rh1 60. Rxh7 Rxh5 61. Rxh5 gxh5 62. Kh4 Kd5 63. Kxh5 Ke6 64. Kg6 (64. Kg5 $5) 64... Ke7 65. Kxf5 {[%emt 0:00:06] Weighted Error Value: White=0.10 (very precise) /Black=0.09 (flawless)} 1/2-1/2

[Event "European Women-ch 2023"]
[Site "Petrovac"]
[Date "2023.03.25"]
[Round "7.12"]
[White "Mayrhuber, Nikola"]
[Black "Skvortsova, Alena"]
[Result "1-0"]
[Annotator "TA"]
[ECO "D30"]
[WhiteElo "2162"]
[BlackElo "2032"]
[PlyCount "65"]
[EventDate "2023.03.15"]
[EventType "swiss"]
[EventCountry "MNE"]
[SourceTitle "playchess.com"]
[Source "ChessBase"]
[SourceQuality "1"]
[TimeControl "40/5400+30:1800+30"]

1. d4 d5 2. c4 c6 3. Nf3 Nf6 4. e3 e6 5. Bd3 Ne4 6. O-O {[%emt 0:03:25] D30: Queen's Gambit Declined: Systems without Nc3.} (6. Nbd2 $5 ) 6... Bd6 7. b3 Qe7 8. Qc2 {[%emt 0:02:43] White is slightly better.} f5 9. Ne5 Nd7 10. Bb2 O-O 11. f3 Ng5 12. Nd2 Nxe5 13. dxe5 Bc5 14. Rae1 {[%emt 0:05:55] [#]} h6 $146 ({Predecessor:} 14... f4 15. Bd4 fxe3 16. Bxe3 Bxe3+ 17. Rxe3 g6 18. c5 b6 19. f4 Nf7 20. Bxg6 Qxc5 21. Bxh7+ {1-0 Gentili,G (2074)-Ranfagni,S (1970) Bratto op 35th 2015 (6)}) 15. Kh1 a5 16. f4 (16. Nb1 $14) 16... Ne4 $11 17. Nf3 Bd7 18. cxd5 cxd5 19. Bd4 Ba3 20. Qe2 Rfc8 21. Ba1 Rc7 22. Nd4 Rac8 23. g4 Bc5 (23... Bb4 $5 24. Rb1 Nd2 $11) 24. gxf5 exf5 25. Bxe4 dxe4 26. e6 {[%emt 0:06:45][%mdl 64] [#] Deflection} Bxe6 27. Nb5 Rd7 28. Rg1 $1 Qe8 (28... Qh4 $5) 29. Qb2 (29. Rg3 $5 ) 29... Bf8 (29... Qf7 $1 $11 {and Black has nothing to worry.}) 30. Nd6 $1 $18 {[%emt 0:00:06][%mdl 64] Deflection} Bxd6 (30... Qh5 $18 31. Nxc8 Qf3+ 32. Qg2 Rd2 {[%mdl 64] Pin} 33. Qxf3 exf3) 31. Rxg7+ {[%emt 0:00:16] White mates.} Kf8 32. Qf6+ Rf7 {[%emt 0:00:12] [#]} 33. Rg8+ $3 {[%emt 0:00:27][%mdl 576] Skewer, Decoy, Back Rank. Ingenious play by Mayrhuber!   Weighted Error Value: White=0.09 (flawless) /Black=0.33} 1-0

[Event "European Women-ch 2023"]
[Site "Petrovac"]
[Date "2023.03.25"]
[Round "7.13"]
[White "Zimina, Olga"]
[Black "Donghvani, Nia"]
[Result "1/2-1/2"]
[Annotator "TA"]
[ECO "D03"]
[WhiteElo "2295"]
[BlackElo "2025"]
[PlyCount "90"]
[EventDate "2023.03.15"]
[EventType "swiss"]
[EventCountry "MNE"]
[SourceTitle "playchess.com"]
[Source "ChessBase"]
[SourceQuality "1"]
[TimeControl "40/5400+30:1800+30"]

1. d4 Nf6 2. Nf3 g6 3. Bg5 Bg7 4. Nbd2 d5 5. e3 O-O 6. Bd3 c5 7. c3 Nbd7 8. O-O b6 9. Bh4 {[%emt 0:05:48] 9.a4 gains popularity. D03: 1 d4 d5 2 Nf3 Nf6 3 Bg5, including Torre Attack with early ...d5.} Bb7 10. Ne5 Ne4 11. f4 Nxe5 12. fxe5 {[%emt 0:00:30] [#]} f6 $146 (12... Nxd2 $11 {keeps the balance.} 13. Qxd2 f6) ({Predecessor:} 12... Bh6 13. Qe2 Nxd2 14. Qxd2 cxd4 15. cxd4 Rc8 16. Bg3 e6 17. Bf4 Bg7 18. Qf2 Qe7 19. Qg3 Qb4 20. Rf2 Rc7 21. Raf1 Rfc8 22. Bg5 Qf8 23. h4 {½-½ Wiedmann,M (1889)-Haselbeck,F (1907) Niederbayernliga 0304 2003 (7)}) 13. Nxe4 $16 dxe4 14. Bc4+ Kh8 15. dxc5 {[%emt 0:17:40] White is more active.} bxc5 16. Qxd8 Raxd8 17. Rad1 $1 {[%emt 0:00:19] Dodges Bd5} g5 18. Bg3 Bc6 19. exf6 (19. Rxd8 $16 Rxd8 20. h4) 19... Bxf6 $14 20. h3 Kg7 21. Rxd8 Rxd8 22. Rf5 Rd1+ 23. Kh2 Rd2 (23... Ba4 $142) 24. Rxc5 $16 Be8 25. b4 Bh5 (25... Rc2 $16 {was worth a try.}) 26. a4 $1 $18 Bf3 27. Bf1 Be2 {[%emt 0:03:14] Wards off b5} 28. Bxe2 Rxe2 {[%emt 0:00:03][%mdl 4096] Endgame [#] KRB-KRB} 29. h4 $2 h6 $2 (29... gxh4 $11 30. Bf4 e5 31. Bxe5 Bxe5+ 32. Rxe5 Rxe3) 30. hxg5 hxg5 31. c4 $2 (31. Bb8 $18) 31... Rxe3 $15 {[%emt 0:00:05] Threatens to win with ...Rb3.} 32. a5 Rb3 {[%emt 0:01:10] ...e3 would be deadly.} 33. b5 (33. Be5 $1 $15) 33... e3 $1 $19 34. Rf5 {[%emt 0:02:00][%cal Ob5b6] [#]} ({Don't blunder} 34. Rc7 $2 e2 35. Rc6 (35. Rxa7 {is a self mate.} Rxg3 {[%mdl 64] Remove Defender, Promotion} 36. Kxg3 e1=Q+ 37. Kf3 Bd4) 35... Be5 36. Bxe5+ Kf7 $19) 34... Kg6 $1 35. Rf1 Bc3 36. a6 e2 37. Rc1 Bd2 38. Ra1 {[%emt 0:00:37] [#]} Be3 (38... Kf5 $1 $19 39. Be1 Bf4+ 40. g3 Be3) 39. Re1 $2 (39. Be1 $17) 39... Rb2 40. Be5 Rc2 {[%emt 0:00:00][%cal Oe3f2] Hoping for ...Bf2!} 41. Kg3 Kf5 $2 (41... Bb6 $19 {...Kf5 is the strong threat.} 42. Ra1 Kf5 {[%mdl 64] Decoy}) 42. Bc7 $1 $15 Bc5 43. b6 $1 Bxb6 (43... axb6 $15 44. a7 Rc3+ 45. Kh2 Ra3) 44. Bxb6 $11 axb6 45. Kf2 $1 Ra2 {[%emt 0:02:00] Weighted Error Value: White=0.36/Black=0.48} 1/2-1/2

[Event "European Women-ch 2023"]
[Site "Petrovac"]
[Date "2023.03.25"]
[Round "7.13"]
[White "Sliwicka, Alicja"]
[Black "Sargsyan, Anna M."]
[Result "0-1"]
[Annotator "TA"]
[ECO "B30"]
[WhiteElo "2272"]
[BlackElo "2371"]
[PlyCount "98"]
[EventDate "2023.03.15"]
[EventType "swiss"]
[EventCountry "MNE"]
[SourceTitle "playchess.com"]
[Source "ChessBase"]
[SourceQuality "1"]
[TimeControl "40/5400+30:1800+30"]

1. e4 c5 2. Nf3 Nc6 3. Nc3 Nf6 4. Bb5 Nd4 5. e5 Nxb5 6. Nxb5 Nd5 7. O-O a6 8. c4 Nb6 {[%emt 0:01:57] has lost popularity (8...Nb4). B30: Sicilian: 2...Nc6 3 Bb5, lines without ...g6.} 9. Nc3 d5 10. d4 Nxc4 {[%emt 0:06:18] White is better.} 11. dxc5 e6 12. b3 Na5 {[%emt 0:00:22] [#]} 13. Na4 $146 {[%emt 0:02:38] Black is weak on the dark squares} ({Predecessor:} 13. Bg5 Qc7 14. Na4 Rb8 15. Rc1 Bd7 16. Nb6 h6 17. Bf4 Be7 18. Qd2 g5 19. Bg3 {1-0 Kulikov,E (2260)-Gogin,R (2135) St Petersburg FINEC IM 2007 (2)}) 13... Be7 14. Nb6 Rb8 15. b4 Nc6 16. Rb1 O-O 17. Bf4 Bd7 18. Qd2 Na7 19. Nd4 Nc8 {[%emt 0:02:44] [#]} 20. Nxd5 exd5 {[%emt 0:00:07] [#]} 21. e6 $1 {[%emt 0:00:05][%cal Oe6d7][%mdl 64] Threatens to win with exd7! Discovered Attack} Ra8 22. exd7 Qxd7 23. Rfd1 Na7 24. Rb3 $36 {[%emt 0:00:54][%mdl 2048] Black is under strong pressure.} Nc6 25. Rd3 a5 26. a3 axb4 27. axb4 Rfd8 (27... Bf6 $14) 28. Ne2 Bf6 29. Ng3 (29. Rxd5 Qxd5 30. Qxd5 Rxd5 31. Rxd5 Ra1+ 32. Nc1 g5 $15) (29. h3 $16) 29... Ra4 (29... Ra1 $14) 30. Nh5 $1 $18 Ba1 31. Rg3 (31. Rxd5 Qxd5 32. Qxd5 Rxd5 33. Rxd5 Rxb4 $15) (31. b5 Ne5 $16) (31. h3 $1 $18) 31... g6 {[%emt 0:01:32] [#]} (31... Kh8 $16) 32. Bg5 $1 Rda8 33. Bf6 $2 (33. h4 $16) 33... Qf5 $15 34. Rg5 Qe6 {[%emt 0:00:06] Some like it hot. Active counter play!} 35. Rxd5 $1 {[%emt 0:08:38] Hoping for Rd6.} Bxf6 36. Rd6 gxh5 37. Rxe6 fxe6 38. g3 $2 {[%emt 0:01:29][%mdl 8192] [#]} ({White should try} 38. Qh6 $15 Rf8 39. b5) 38... Rd8 $1 $19 (38... Rxb4 39. Qh6 Bd4 40. Qxe6+ Kh8 41. Qf7 $11) (38... Nxb4 39. Qe3 Ra1 40. Qxe6+ Kg7 41. Qd7+ Kg6 42. Rxa1 Rxa1+ 43. Kg2 $14) 39. Qe2 (39. Qh6 $142 Rxd1+ 40. Kg2) 39... Rxd1+ ({Weaker is} 39... Nxb4 40. Qxe6+ (40. Qxh5 $2 {perishes.} Rxd1+ 41. Kg2 Rd8 $19) 40... Kg7 41. Rd7+ Rxd7 42. Qxd7+ Kh6 43. Qxa4 $18) 40. Kg2 Raa1 41. Qxe6+ Kg7 42. Qc8 Nd8 ({Inferior is} 42... Nxb4 43. Qxb7+ Kg6 44. Qe4+ Kg7 45. Qb7+ Kg6 46. Qe4+ Kg7 47. Qb7+ $15) 43. b5 Rd2 {[%emt 0:04:52] And now ...Raa2 would win.} 44. c6 bxc6 {[%emt 0:00:09] Black mates.} 45. bxc6 Raa2 46. Qc7+ Kg6 47. Kf3 Rxf2+ 48. Ke3 Rfe2+ 49. Kf3 Ne6 {[%emt 0:00:06] Black used his chance.   Weighted Error Value: White=1.16/Black=0.25 (precise)} 0-1

[Event "European Women-ch 2023"]
[Site "Petrovac"]
[Date "2023.03.25"]
[Round "7.13"]
[White "Kejzar, Petra"]
[Black "Ismayil, Malak"]
[Result "0-1"]
[Annotator "TA"]
[ECO "D02"]
[WhiteElo "2128"]
[BlackElo "2011"]
[PlyCount "84"]
[EventDate "2023.03.15"]
[EventType "swiss"]
[EventCountry "MNE"]
[SourceTitle "playchess.com"]
[Source "ChessBase"]
[SourceQuality "1"]
[TimeControl "40/5400+30:1800+30"]

1. d4 d5 2. Bf4 c5 3. c3 Nc6 4. Nf3 Qb6 5. Qb3 c4 6. Qxb6 {[%emt 0:00:52] D02: 1 d4 d5 2 Nf3 sidelines, including 2...Nf6 3 g3 and 2...Nf6 3 Bf4.} axb6 7. Na3 Bf5 {[%emt 0:25:32] [#]} 8. Nh4 $146 {[%emt 0:06:07] The position is equal.} ({Predecessor:} 8. Nb5 Kd7 9. Nc7 Ra5 10. Ng5 Bg6 11. e4 e6 12. exd5 exd5 13. g3 Bd6 14. Bxd6 Kxd6 {0-1 Zivkovic-Zelcic,R (2460) West End op Italy 1994 (2)}) 8... Bd7 9. e4 e6 10. exd5 exd5 11. Nb5 {[%emt 0:02:51] Nc7+ would be deadly.} Ra5 12. Nd6+ Bxd6 13. Bxd6 Nf6 14. Be2 (14. Nf3 $11) 14... Ne4 $15 15. Bg3 ({White should play} 15. Bb4 $1 $15 Nxb4 16. cxb4) 15... b5 ({Black should try} 15... O-O $1 $19 {...Rb5 is the strong threat.} 16. Nf3 Rb5) 16. O-O b4 {[%emt 0:03:11] Black is more active.} 17. Bc7 $1 bxc3 18. bxc3 {[%emt 0:01:51] [#] White is now going downhill.} (18. Bxa5 $15 Nxa5 19. b3) 18... Ra4 $1 $19 (18... Nxc3 19. Rfe1 O-O 20. Bxa5 Nxa5 21. Rac1 $15) 19. Rac1 {[%emt 0:10:31] [#]} O-O $1 (19... Rxa2 20. Rfe1 $15) 20. Rc2 (20. f3 $142 Nxc3 21. Rxc3) 20... Rc8 21. Bg3 Rca8 22. Ra1 (22. Bf3 $142) 22... Ra3 23. Bf1 Rxc3 24. Rb2 {[%emt 0:00:13] White is weak on the light squares} Ra7 (24... Nxd4 25. Be5 Nb3 26. Rab1 $17) 25. Nf3 Rca3 26. Bf4 c3 27. Rb5 Be6 (27... Rxa2 $2 28. Rxa2 Rxa2 29. Rxb7) 28. Be3 Nd8 $2 {[%emt 0:03:02] Excellent horsemanship.} (28... Rxa2 $19 {and Black stays clearly on top.} 29. Rxa2 Rxa2 30. Rxb7 Ra1) 29. h3 (29. Rc1 $17) 29... Rxa2 30. Re1 Rb2 31. Rxb2 $2 (31. g4 {might work better.}) 31... cxb2 {[%emt 0:00:01] Black is clearly winning.} 32. Nd2 Nc3 {[%emt 0:01:02] Wards off Rb1. aiming for ...Ra1.} 33. Bd3 Nc6 34. Nb1 Ra1 {[%emt 0:00:00] Threatens to win with ...Nb4.} 35. Kf1 Nb4 36. Nxc3 Nxd3 {[%emt 0:00:14][%csl Gd3][%cal Ra1e1][%mdl 64] Pin} 37. Rb1 Bf5 38. g4 Rxb1+ 39. Nxb1 Be4 40. f3 Bg6 41. Bd2 {[%emt 0:04:13] [#]} Nb4 $1 {[%emt 0:01:53][%mdl 576] Promotion} 42. Na3 Nc6 {[%emt 0:01:39] Weighted Error Value: White=0.82/Black=0.25 (precise)} ({Inferior is} 42... b1=B 43. Nxb1 Nc2 44. Kf2 $17) ({And not} 42... b1=N 43. Bxb4 Nxa3 44. Bxa3 $15) ({Stronger than} 42... b1=Q+ 43. Nxb1 Bd3+ 44. Kf2 $17) 0-1

[Event "European Women-ch 2023"]
[Site "Petrovac"]
[Date "2023.03.25"]
[Round "7.14"]
[White "Melia, Salome"]
[Black "Rudzinska, Michalina"]
[Result "1-0"]
[Annotator "TA"]
[ECO "B13"]
[WhiteElo "2366"]
[BlackElo "2212"]
[PlyCount "151"]
[EventDate "2023.03.15"]
[EventType "swiss"]
[EventCountry "MNE"]
[SourceTitle "playchess.com"]
[Source "ChessBase"]
[SourceQuality "1"]
[TimeControl "40/5400+30:1800+30"]

1. e4 c6 2. d4 d5 3. exd5 cxd5 4. Bd3 Nf6 5. h3 Nc6 6. c3 g6 7. Nf3 {[%emt 0:00:40] B13: Caro-Kann: Exchange Variation and Panov-Botvinnik Attack.} Bf5 {[%emt 0:00:26] now scores much better than the old 7...Bg7.} 8. Ne5 Bxd3 9. Nxd3 {[%emt 0:00:16] The position is equal.} Bg7 10. O-O O-O 11. Bf4 Ne4 12. Nd2 Nxd2 13. Qxd2 {[%emt 0:00:08] [#]} Na5 $146 ({Predecessor:} 13... e6 14. g3 Rc8 15. h4 h5 16. Rfe1 Na5 17. Kg2 Nc4 18. Qe2 Qf6 19. Bg5 Qf5 {0-1 Matlakov,M (2674)-Tabatabaei,M (2623) Titled Tuesday intern op 08th Mar Early blitz 2022 (7)}) 14. Rfe1 Re8 15. Qe3 Nc4 16. Qf3 Rc8 17. Re2 b6 18. Rae1 Qd7 (18... e6 $11) 19. Bg5 (19. b3 $16 Na3 20. Ne5 Bxe5 21. Rxe5) 19... f6 ({Better is} 19... e6 $14) 20. Bf4 $16 e6 21. g4 Nd6 {[%emt 0:04:03] [#]} (21... Qf7 $142) 22. Bxd6 $1 Qxd6 23. Nf4 e5 24. dxe5 fxe5 {[%emt 0:03:02] Strongly threatening ...e4.} 25. Qxd5+ Qxd5 26. Nxd5 Rcd8 27. c4 Kf7 28. b3 g5 29. Kg2 h5 30. Re3 Rd7 31. gxh5 {[%emt 0:08:46] Rg3 would be deadly.} Rh8 32. Rf3+ Ke6 33. Rg3 Rxh5 34. f4 Kf5 35. fxe5 {[%emt 0:12:13] [#] e6 is the strong threat.} Bxe5 (35... Ke6 {is more resistant.} 36. Re2 Bh8) 36. Rge3 $18 Bd4 37. Ne7+ Kf6 38. Rf3+ Kg7 39. Nf5+ Kg6 40. Rd1 (40. Re6+ $142 Kh7 41. Rd3) 40... g4 41. hxg4 ({Weaker is} 41. Nxd4 gxf3+ 42. Kxf3 Rh4 $17) 41... Rh2+ 42. Kxh2 Be5+ 43. Kg2 {[%emt 0:04:36] White wants to mate with Nh4+.} Rxd1 {[%emt 0:00:07][%mdl 4096] Endgame KRB-KRN} 44. Ne7+ Kh6 45. Nc6 Bg7 46. Nxa7 Kg5 47. Nb5 Ba1 48. Nc3 Rc1 (48... Bxc3 {was worth a try.} 49. Rxc3 Kxg4) 49. Nd5 Kxg4 50. Ne3+ ({Less strong is} 50. Nxb6 Bd4 51. Rg3+ Kh4 $16) 50... Kg5 51. Rf5+ Kg6 52. Rf1 Rxf1 (52... Rc3 $18 53. Kf3 Bb2) 53. Kxf1 {[%emt 0:00:08] KB-KN} Kf7 54. Ke2 Ke6 55. Nd5 Bd4 56. Kd3 Bg1 57. Nc3 (57. b4 $142 Ke5 58. Nc3 Kd6 59. Ne4+ Kc7 60. a3 Bh2 61. a4 Be5 62. c5) 57... Kd6 58. Ne4+ {[%emt 0:00:21] White mates.} Kc6 59. b4 Bh2 60. b5+ Kc7 61. Kd4 Bg1+ 62. Kd5 Be3 63. a4 Bg1 64. Nd2 Bf2 65. Nb3 Be1 66. c5 bxc5 67. Kxc5 Bf2+ 68. Kc4 Kb7 69. a5 Ka7 70. Kd5 Be1 71. Kc6 Kb8 72. b6 Ka8 73. a6 Bf2 74. Nc5 Bg3 75. Ne6 Kb8 76. a7+ {[%emt 0:00:32] Weighted Error Value: White=0.17 (very precise) /Black=0.47} 1-0

[Event "European Women-ch 2023"]
[Site "Petrovac"]
[Date "2023.03.25"]
[Round "7.14"]
[White "Allahverdiyeva, Ayan"]
[Black "Bluebaum, Johanna"]
[Result "1-0"]
[Annotator "TA"]
[ECO "C07"]
[WhiteElo "2124"]
[BlackElo "1954"]
[PlyCount "101"]
[EventDate "2023.03.15"]
[EventType "swiss"]
[EventCountry "MNE"]
[SourceTitle "playchess.com"]
[Source "ChessBase"]
[SourceQuality "1"]
[TimeControl "40/5400+30:1800+30"]

1. e4 e6 2. d4 d5 3. Nd2 c5 4. exd5 Qxd5 5. Ngf3 cxd4 6. Bc4 Qd7 {[%emt 0:00:17] C07: French Tarrasch: 3...c5, 4 Ngf3 and 4 exd5 Qxd5.} 7. O-O Nc6 8. Nb3 a6 {[%emt 0:00:18] The position is equal.} (8... Nf6 {seems wilder.} 9. Nbxd4 a6 10. Nxc6 Qxc6 11. Ne5 Qc5) 9. Nbxd4 Nxd4 10. Nxd4 Qc7 11. Bd3 $1 {[%emt 0:00:05][%mdl 4] is recently more successful than 11.Bb3.} Bd6 12. Re1 Nf6 {[%emt 0:14:24] Dodges Qh5} 13. h3 {[%emt 0:00:12] 13.g3 is not played anymore.} O-O 14. Bg5 Nd5 15. Qh5 g6 16. Qh4 Bh2+ 17. Kh1 {[%emt 0:02:30] Hoping for g3.} Bf4 {[%emt 0:00:36] [#]} 18. Re4 $146 ({Predecessor:} 18. Be4 Bxg5 19. Qxg5 f6 20. Qd2 Rd8 21. Rad1 e5 22. Nb5 axb5 23. Bxd5+ Kg7 24. Qb4 {0-1 Shevchenko,K (2531)-Poetsch,H (2483) BL2-Sued 1718 2017 (1.4)}) 18... e5 {[%emt 0:07:53] ...Bxg5 would be deadly.} 19. Nf3 {[%emt 0:08:19] Black must now prevent Bc4.} f6 $1 {[%emt 0:07:22] [#]} 20. Rxf4 exf4 $15 21. Bh6 Rf7 22. c4 {[%emt 0:05:40] [#]} (22. Rd1 $15 {should be considered.}) 22... Nb4 (22... Ne7 $1 $17 {...Bf5 is the strong threat.} 23. Qxf4 Qxf4 24. Bxf4 Bf5) 23. Bf1 $2 (23. Bxf4 $11 {and White stays safe.} Qc6 24. Bb1) 23... Bf5 (23... g5 $19 24. Qh5 Bd7) 24. Bxf4 Qd7 25. c5 Nd3 ({Black should play} 25... Bd3 $1 $15 26. Bd6 Bxf1 27. Qxb4 Qb5) 26. Bd6 $1 $11 Re8 ({Don't play} 26... Nxb2 27. Qd4 $16) 27. Qd4 {[%emt 0:03:13] Repels Be4} Ne5 28. Nxe5 (28. Bxe5 {is interesting.} fxe5 29. Qc3 Rfe7 30. Bc4+) 28... fxe5 29. Bxe5 ({White should try} 29. Qe3 $14) 29... Qxd4 30. Bxd4 Re4 31. Be3 Rd7 32. Rc1 Be6 33. b3 Bd5 34. Rc3 Rh4 35. Kg1 {[%emt 0:00:59] aiming for g4.} Kf7 $2 {[%emt 0:00:17][%mdl 8192] [#] White stays focused until the end.} ({Better is} 35... Re4 $14) 36. g4 $1 $18 Kf6 {[%emt 0:01:09] Wards off Bg5+} 37. f4 Ke6 {[%emt 0:00:35] [#]} 38. f5+ $1 gxf5 39. Bg5 Rg7 (39... Rxg4+ {is a better defense.} 40. hxg4 fxg4 41. Re3+ Kf5) 40. Bxh4 {[%emt 0:00:00] White is clearly winning.} fxg4 41. hxg4 Rxg4+ 42. Bg3 Kf6 43. Kf2 a5 44. Rd3 Bc6 45. Rd6+ Ke7 46. Rh6 Rg7 47. Bd6+ Kd7 48. Bh3+ Kd8 49. Rf6 Be8 50. Bg2 h5 51. Rf8 {[%emt 0:00:10] Weighted Error Value: White=0.15 (very precise) /Black=0.37} 1-0